 Dungeon Crawl Stone Soup version 0.18-a0-1485-g189885c (webtiles) character file.

1033 uiiiytp the Conjurer (level 8, -2/50 HPs)
             Began as a High Elf Conjurer on Mar 3, 2016.
             Killed by divine providence
             ... invoked by an orc priest
              (10 damage)
             ... on level 5 of the Dungeon.
             The game lasted 00:49:47 (7901 turns).

uiiiytp the Conjurer (High Elf Conjurer)            Turns: 7901, Time: 00:49:47

Health: -2/50      AC: 10    Str:  7    XL:     8   Next: 3%
Magic:  3/17       EV: 16    Int: 20    God:
Gold:   131        SH:  0    Dex: 17    Spells: 3 memorised, 11 levels left

rFire  . . .     SeeInvis .     s - +1 short sword (protect)
rCold  . . .     Gourm    .     E - +0 robe
rNeg   . . .     Faith    .     (no shield)
rPois  .         Spirit   .     (no helmet)
rElec  .         Dismiss  .     (no cloak)
rCorr  .         Reflect  .     u - +0 pair of gloves
SustAt .         Harm     .     G - +1 pair of boots
MR     .....                    (no amulet)
Stlth  +++.......               V - -5 ring of intelligence (curse)
                                N - ring of flight

@: brilliant, not resistant to hostile enchantments, fairly stealthy
A: no striking features
a: Evoke Flight


You were on level 5 of the Dungeon.
You were hungry.

You visited 1 branch of the dungeon, and saw 5 of its levels.

You collected 131 gold pieces.

Inventory:

Hand Weapons
 e - a +0 dagger
 f - a +1 flail of protection
 m - a +0 club
 s - a +1 short sword of protection (weapon)
 t - a +0 dagger
 x - a +0 club
 y - a +0 club
 A - a cursed -2 trident
 B - a +0 club
 C - a cursed +0 mace
 D - a +0 whip
 F - a +0 shortbow
 H - a +0 spear
 I - a +0 club
 J - a +0 hand axe
 L - a +0 flail
 M - a +0 flail
 S - a +0 scythe
 U - a +0 short sword
Missiles
 h - 48 bolts
 k - 3 curare-tipped needles
 n - 21 sling bullets
 p - 130 stones (quivered)
 P - 21 arrows
 W - 11 arrows of flame
Armour
 a - a +0 robe
 g - a +0 ring mail
 j - a +0 robe
 l - a +0 leather armour
 r - a +0 ring mail
 u - a +0 pair of gloves (worn)
 v - a +0 robe
 w - a +0 leather armour
 E - a +0 robe (worn)
 G - a +1 pair of boots (worn)
 K - a +0 ring mail
 O - a +0 ring mail
 Q - a +0 ring mail
 R - a +0 leather armour
 T - a +0 robe
Jewellery
 d - an uncursed amulet of guardian spirit
 N - a ring of flight (left hand)
 V - a cursed -5 ring of intelligence (right hand)
Wands
 z - a wand of digging (18/24)
Scrolls
 i - a scroll of magic mapping
 o - 2 scrolls of teleportation
 q - a scroll of noise
 Z - a scroll of identify
Books
 b - a book of Conjurations

   Spells                             Type                      Level
   a - Magic Dart                     Conjuration                  1
   b - Searing Ray                    Conjuration                  2
   c - Dazzling Spray                 Conjuration/Hexes            3
   d - Fulminant Prism                Conjuration/Hexes            4
   e - Iskenderun's Mystic Blast      Conjuration                  4
   f - Iskenderun's Battlesphere      Conjuration/Charms           5
Comestibles
 c - 2 bread rations
 Y - a meat ration


   Skills:
 + Level 2.1 Fighting
 + Level 1.4 Short Blades
 + Level 5.5 Dodging
 + Level 3.4 Stealth
 + Level 5.6 Spellcasting
 + Level 7.3 Conjurations


You had 11 spell levels left.
You knew the following spells:

 Your Spells              Type           Power        Failure   Level  Hunger
a - Magic Dart            Conj           ####         1%          1    None
b - Searing Ray           Conj           #####.       1%          2    None
c - Iskenderun's Mystic   Conj           #####...     1%          4    ####...


Dungeon Overview and Level Annotations

Branches:
Dungeon (5/15)
 Temple: D:4-7

Altars:
Fedhas
Kikubaaqudgha
Makhleb
Nemelex Xobeh
Pakellas
Sif Muna
Trog


Message History

The orc priest is healed somewhat.
The orc priest completely misses you.
Casting: Magic Dart
Confirm with . or Enter, or press ? or * to list all spells.
Aiming: Magic Dart
Press: ? - help, Shift-Dir - straight line, f/p - orc priest
Aim: an orc priest, wearing a leather armour (lightly wounded)
The magic dart hits the orc priest.
The orc priest is lightly wounded.
The orc priest misses you.
Casting: Magic Dart
Confirm with . or Enter, or press ? or * to list all spells.
You don't have enough magic to cast that spell.
The orc priest calls down the wrath of Beogh upon you.
Beogh smites you!
* * * LOW HITPOINT WARNING * * *
The orc priest calls upon Beogh to heal the orc priest.
The orc priest's wounds heal themselves!
The orc priest mumbles some strange prayers to Beogh against you.
Beogh smites you!
You die...

#.#.# ##.#.# #....#
....... #..###
....... #..# .......
########..# .......
..........#
...o...##########.##
....oo.#.o.oo..@..#
.......#o##########
#.oo..# #.###.# ...
.# ..##. # #. #. #
##


You could see 2 orc priests and 2 orc wizards.

Vanquished Creatures
  Grinder (D:4)
  Sigmund (D:4)
  Edmund (D:4)
  A centaur (D:4)
  A scorpion (D:4)
  A water moccasin skeleton (D:5)
  A howler monkey (D:5)
  A crimson imp (D:5)
  2 hounds
  A centaur skeleton (D:4)
  2 iguanas
  An orc wizard (D:5)
  A hound skeleton (D:4)
  6 adders
  An ooze (D:2)
  An adder skeleton (D:5)
  3 worms
  5 dart slugs
  2 giant geckos (D:2)
  8 orcs
  7 giant cockroaches
  5 goblins
  6 hobgoblins
  5 jackals
  4 kobolds
  3 quokkas
  A ball python (D:2)
  6 bats
  2 giant gecko skeletons
  3 giant newts
  8 rats
  2 rat zombies (D:4)
93 creatures vanquished.

Notes
Turn   | Place    | Note
--------------------------------------------------------------
     0 | D:1      | uiiiytp the High Elf Conjurer began the quest for the Orb.
     0 | D:1      | Reached XP level 1. HP: 11/11 MP: 4/4
   307 | D:1      | Reached XP level 2. HP: 17/17 MP: 2/6
   311 | D:1      | Learned a level 2 spell: Searing Ray
  1256 | D:1      | Reached skill level 5 in Conjurations
  1753 | D:2      | Reached XP level 3. HP: 21/21 MP: 3/7
  2166 | D:2      | Reached XP level 4. HP: 27/27 MP: 1/9
  2494 | D:2      | You fall through a shaft for 2 floors!
  3089 | D:2      | Found a bloodstained altar of Trog.
  3266 | D:3      | Found a burning altar of Makhleb.
  3591 | D:3      | Reached XP level 5. HP: 31/31 MP: 8/10
  3618 | D:3      | Reached skill level 6 in Conjurations
  4421 | D:4      | Noticed Edmund
  4928 | D:4      | Found a deep blue altar of Sif Muna.
  5030 | D:4      | Killed Edmund
  5030 | D:4      | Reached XP level 6. HP: 13/37 MP: 1/13
  5492 | D:4      | Found an oddly glowing altar of Pakellas.
  5516 | D:4      | Found a sparkling altar of Nemelex Xobeh.
  5522 | D:4      | Learned a level 4 spell: Iskenderun's Mystic Blast
  5532 | D:4      | Found a blossoming altar of Fedhas.
  5554 | D:4      | Noticed Grinder
  5558 | D:4      | Reached skill level 1 in Fighting
  5613 | D:4      | Paralysed by Grinder for 7 turns
  5636 | D:4      | Killed Grinder
  5636 | D:4      | Reached XP level 7. HP: 20/43 MP: 1/15
  6151 | D:4      | Noticed Sigmund
  6158 | D:4      | Killed Sigmund
  6158 | D:4      | Reached skill level 1 in Short Blades
  6158 | D:4      | Reached skill level 5 in Spellcasting
  6158 | D:4      | Reached skill level 7 in Conjurations
  6365 | D:4      | Reached skill level 5 in Dodging
  6375 | D:4      | Found an ancient bone altar of Kikubaaqudgha.
  7152 | D:5      | Entered Level 5 of the Dungeon
  7851 | D:5      | Reached XP level 8. HP: 50/50 MP: 9/17
  7901 | D:5      | Killed from afar by an orc priest

Vault maps used:
D:1:      nicolae_arrival_memento_mori
D:2:      nicolae_overflow_crystal_walls, kennysheep_cross_bottleneck
D:3:      first_bread, bloody_makhleb
D:4:      fedhas_bush_and_centaur_altar, grunt_pakellas_basics,
          lemuel_zombie_altar_kikubaaqudgha, led_sif_pool,
          nemelex_xobeh_ov_fountains_minmay, uniq_edmund, uniq_sigmund,
          uniq_grinder
D:5:      temple_statues

Skill      XL: |  1  2  3  4  5  6  7 |
---------------+----------------------+-----
Conjurations   | 5 6 7 |  7.3
Spellcasting   | 3 4 5 |  5.6
Stealth        | 3 |  3.4
Dodging        | 3 4 5 |  5.5
Fighting       | 1 2 |  2.1
Short Blades   | 1 |  1.4

Action                   |  1- 3 |  4- 6 |  7- 9 || total
-------------------------+-------+-------+-------++-------
Melee: Dagger            |    13 |     8 |       ||    21
       Short sword       |       |    33 |    16 ||    49
 Cast: Magic Dart        |    23 |    86 |    58 ||   167
       Searing Ray       |    18 |    14 |     2 ||    34
       Iskenderun's Myst |       |     3 |    13 ||    16
  Use: Scroll            |     3 |     2 |     1 ||     6
       Potion            |     2 |     7 |     2 ||    11
  Eat: Chunk             |     5 |     2 |     4 ||    11
       Meat ration       |       |     2 |     1 ||     3
